cohdb
Replays
Latest Replays
All Replays
Popular Replays
Top Player Replays
Match Explorer
How It Works
Community
CoH3 Stats
Reddit
Sign in to upload your games and track your stats! →
Sign in with Steam
Match 43300345
Unlisted
Match 43300345
Overview
Messages
Build Orders
End
Vickers Machine Gun Team
Construct Section Command Post
Selects Heavy Armor Battlegroup
Infantry Section
ML 3-inch Mortar Team
Infantry Section
Construct Platoon Command Post
Selects Light Vehicle Withdraw and Refit
CMP 15cwt Truck
Infantry Section
Selects Radio Net
Construct Company Command Post
Unlock M3 Grant Medium Tanks
M3 Grant Medium Tank
Selects Recon Artillery
M3 Grant Medium Tank
Forward Retreat Point
Recon Artillery
M3 Grant Medium Tank
Selects Rigorous Vehicle Training
Recon Artillery
Armored Vehicle Training
Selects Forward Repair Assembly
M3 Grant Medium Tank
Sponge Bob
Lero
CalmSassarShow
rune41
MrGlaucus
$nackzor
$teenzor
Nuts
0
0
Comments
sign in to comment!
No comments posted yet!